 Dungeon Crawl Stone Soup version 0.30.0-5-g1a98f26d00 (webtiles) character file.

Game seed: 17621411225076301328

15181 Mysteryquy the Spear-Bearer (level 12, -1/107 HPs)
             Began as a Hill Orc Fighter on May 10, 2023.
             Was an Elder of Beogh.
             Slain by a molten gargoyle
             ... wielding a +3 flail
              (18 damage)
             ... on level 11 of the Dungeon.
             The game lasted 00:13:37 (11197 turns).

Mysteryquy the Spear-Bearer (Hill Orc Fighter)     Turns: 11197, Time: 00:13:37

Health: -1/107     AC: 17    Str: 28    XL:     12   Next: 24%
Magic:  0/12       EV:  8    Int:  8    God:    Beogh [****..]
Gold:   512        SH:  5    Dex: 10    Spells: 11/11 levels left

rFire   + + .        l - +11 spear of the Puckish God {flame, rF++ rN+}
rCold   . . .        c - +0 buckler
rNeg    + + .        z - +0 plate armour
rPois   +            (helmet restricted)
rElec   .            (no cloak)
rCorr   +            (no gloves)
SInv    +            M - +0 pair of boots
Will    .....        K - amulet "Uhiy" {Spirit Contam rCorr Str+4 SInv} Stlth
                     o - ring of positive energy
HPRegen 0.37/turn    y - +4 ring of slaying
MPRegen 0.13/turn

%: guardian spirit
@: unable to read
A: horns 1, poison resistance, inability to read after injury 1
a: Renounce Religion, Smiting, Recall Orcish Followers


You were on level 11 of the Dungeon.
You worshipped Beogh.
Beogh was greatly pleased with you.
You visited 2 branches of the dungeon, and saw 13 of its levels.

You collected 716 gold pieces.
You spent 204 gold pieces at shops.

Inventory:

Hand Weapons
 a - a +0 war axe
 l - the +11 spear of the Puckish God (weapon) {flame, rF++ rN+}
   (You took it off a goblin on level 2 of the Dungeon)

   rF:        It greatly protects you from fire.
   rN:        It protects you from negative energy.
Armour
 b - a +0 scale mail
 c - a +0 buckler (worn)
 z - a +0 plate armour (worn)
 G - +0 swamp dragon scales
 M - a +0 pair of boots (worn)
Jewellery
 o - a ring of positive energy (left hand)
 y - a +4 ring of slaying (right hand)
 K - the amulet "Uhiy" (around neck) {Spirit Contam rCorr Str+4 SInv}
   (You found it on level 10 of the Dungeon)

   [amulet of guardian spirit]

   It causes incoming damage to be divided between your reserves of health and
   magic.
   Str:       It affects your strength (+4).
   SInv:      It lets you see invisible.
   Contam:    It causes magical contamination when unequipped.
   rCorr:     It protects you from acid and corrosion.
 L - a +4 ring of slaying
Wands
 w - a wand of light (8)
 B - a wand of mindburst (15)
 E - a wand of flame (20)
 H - a wand of charming (2)
Scrolls
 e - 4 scrolls of teleportation {unknown}
 f - a scroll of summoning {unknown}
 g - 2 scrolls of immolation {unknown}
 h - a scroll of enchant weapon {unknown}
 j - 8 scrolls of identify
 p - 2 scrolls of vulnerability {unknown}
 r - a scroll of fog {unknown}
 s - 2 scrolls of blinking
 t - a scroll of brand weapon
 u - 2 scrolls of fear
 v - 2 scrolls of silence {unknown}
 x - a scroll of amnesia {unknown}
 A - 2 scrolls of poison {unknown}
 D - 3 scrolls of enchant armour {unknown}
 F - a scroll of noise {unknown}
 I - a scroll of magic mapping {unknown}
Potions
 d - 2 potions of might
 i - 2 potions of haste {unknown}
 k - 4 potions of curing
 m - 3 potions of heal wounds
 n - a potion of brilliance {unknown}
 q - a potion of berserk rage {unknown}
 C - 2 potions of attraction {unknown}
 J - a potion of resistance {unknown}


   Skills:
 + Level 10.5 Fighting
 + Level 5.0(11.0) Axes
 + Level 12.8(13.0) Polearms
 + Level 12.7 Armour
 + Level 2.6 Dodging
 + Level 1.3 Stealth
 + Level 6.4 Shields
 + Level 0.5 Unarmed Combat


You had 11 spell levels left.
You didn't know any spells.
Your spell library contained the following spells:

 Spells                   Type           Power      Damage    Failure   Level
 Apportation              Tloc           0%         N/A       98%         1
 Freeze                   Ice            0%         1d3       98%         1
 Ensorcelled Hibernation  Hex/Ice        0%         N/A       99%         2
 Passwall                 Tmut/Erth      0%         N/A       99%         2
 Poisonous Vapours        Pois/Air       0%         N/A       99%         2
 Frozen Ramparts          Ice            0%         1d1       100%        3
 Hailstorm                Conj/Ice       0%         3d3       100%        3
 Mephitic Cloud           Conj/Pois/Air  0%         N/A       100%        3
 Ozocubu's Armour         Ice            0%         N/A       100%        3
 Swiftness                Air            0%         N/A       100%        3
 Alistair's Intoxication  Tmut/Pois      0%         N/A       100%        5
 Freezing Cloud           Conj/Ice/Air   0%         6-21      100%        5
 Metabolic Englaciation   Hex/Ice        0%         N/A       100%        5
 Summon Forest            Summ/Tloc      0%         N/A       100%        5
 Summon Mana Viper        Hex/Summ       0%         N/A       100%        5
 Eringya's Noxious Bog    Tmut/Pois      0%         N/A       100%        6
 Simulacrum               Ice/Necr       0%         N/A       100%        6
 Summon Cactus Giant      Summ           0%         N/A       100%        6
 Summon Hydra             Summ           0%         N/A       100%        7


Dungeon Overview and Level Annotations

Branches:
Dungeon (12/15)            Temple (0/1) D:6            Lair (1/5) D:8
    Orc (0/2) D:10

Altars:
Okawaru
Yredelemnul
Zin

Shops:
D:5 ?   D:10 *


Innate Abilities, Weirdness & Mutations

You have a pair of small horns on your head.
Your system is resistant to poisons. (rPois)
You occasionally lose the ability to read scrolls when taking damage.


Message History

The molten gargoyle is almost destroyed.
You hit the molten gargoyle but do no damage.
The molten gargoyle is almost destroyed.
The molten gargoyle blasts magma at you!
The bolt of magma hits you. You partially resist.
The molten gargoyle blasts magma at you!
The bolt of magma hits the molten gargoyle!
The molten gargoyle partially resists.
The bolt of magma hits you! You partially resist.
You puncture the molten gargoyle!
You destroy the molten gargoyle!
Beogh accepts your kill.
The molten gargoyle hits you with a +3 flail!
* * * LOW HITPOINT WARNING * * *
You are engulfed in flames.
You resist.
* * * LOW HITPOINT WARNING * * *
You feel much better.
The molten gargoyle hits you with a +3 flail!!
You feel threatened and lose the ability to read scrolls!
* * * LOW HITPOINT WARNING * * *
You are engulfed in flames.
You resist.
* * * LOW HITPOINT WARNING * * *
You are too injured to fight recklessly!
You are too injured to fight recklessly!
You barely miss the molten gargoyle.
The molten gargoyle is lightly damaged.
You puncture the molten gargoyle!
You headbutt the molten gargoyle, but do no damage.
The molten gargoyle is moderately damaged.
The molten gargoyle hits you with a +3 flail.
* * * LOW HITPOINT WARNING * * *
You are engulfed in flames.
You resist.
* * * LOW HITPOINT WARNING * * *
The molten gargoyle hits you with a +0 mace.
* * * LOW HITPOINT WARNING * * *
You are engulfed in flames.
You resist.
* * * LOW HITPOINT WARNING * * *
The molten gargoyle attacks as you move away!
The molten gargoyle hits you with a +3 flail!!
You die...

#...#.#.≈≈≈≈≈≈..####
#...##.≈≈≈≈≈≈≈.#....
#...#.#.≈≈88≈≈..#..
#...##..§≈88≈≈.#..
#...#.#§§≈≈≈§§≈.# ..
#...##.§≈≈§≈≈§§#....
..#.#.§.≈§§§..#
.'#.#.#9#9#.#
#.#.#.#@#.#
#........#..
##########........#....
...............####
...# ...............#
..... ...............+
.... ...............#..
.... .................#
####.......#####....


You could see 2 molten gargoyles.

Vanquished Creatures
  Erica (D:9)
  2 centaur warriors
  Pikel (D:4)
  2 ugly things
  Joseph (D:7)
  2 molten gargoyles (D:11)
  2 gargoyles
  An unseen horror (D:8)
  A komodo dragon (Lair:1)
  Psyche (D:8)
  Maggie (D:8)
  Grinder (D:5)
  2 trolls (D:10)
  A hornet (D:10)
  A slime creature (D:8)
  3 shadows
  2 wraiths
  7 yaks
  2 wyverns
  2 steam dragons
  Menkaure (D:4)
  A warg (D:10)
  An acid dragon (D:9)
  Duvessa (D:4)
  5 water moccasins
  7 orc warriors
  5 black bears
  2 sky beasts
  3 ogres
  3 centaurs
  2 phantoms
  3 kobold brigands
  3 lemures (D:4)
  6 bullfrogs
  A gnoll sergeant (D:10)
  4 scorpions
  13 wights
  Dowan (D:4)
  5 killer bees
  A crimson imp (D:7)
  2 howler monkeys
  2 jellies
  5 orc priests
  5 hounds
  3 gnoll boudas
  3 sleepcaps
  Natasha (thrice) (D:4)
  Ijyb (D:3)
  7 iguanas
  6 orc wizards
  11 gnolls
  7 adders
  2 shadow imps (D:6)
  A white imp (D:7)
  An ufetubus (D:4)
  3 worms
  2 dart slugs (D:1)
  18 orcs
  7 endoplasms
  4 giant cockroaches
  10 goblins
  6 hobgoblins
  A jackal (D:4)
  3 quokkas
  5 ball pythons
  3 bats
  2 frilled lizards
  13 kobolds
  2 rats (D:1)
242 creatures vanquished.

Vanquished Creatures (collateral kills)
  A deep elf pyromancer (D:12)
  A wraith (D:10)
  A killer bee (D:11)
  3 gnolls
  A kobold (D:11)
7 creatures vanquished.

Vanquished Creatures (others)
  3 orc warriors
  A steam dragon (D:6)
  An orc priest (D:11)
  4 orc wizards
  9 orcs
18 creatures vanquished.

Grand Total: 267 creatures vanquished

Notes
Turn   | Place    | Note
-------+----------+-------------------------------------------
     0 | D:1      | Mysteryquy the Hill Orc Fighter began the quest for the
                  | Orb.
     0 | D:1      | Reached XP level 1. HP: 19/19 MP: 1/1
   209 | D:1      | Reached XP level 2. HP: 22/27 MP: 2/2
   758 | D:2      | Reached XP level 3. HP: 29/33 MP: 3/3
   761 | D:2      | Gained mutation: You have a pair of small horns on your
                  | head. [potion of mutation]
   761 | D:2      | Gained mutation: You occasionally lose the ability to read
                  | scrolls when taking damage. [potion of mutation]
   761 | D:2      | Gained mutation: Your system is resistant to poisons.
                  | (rPois) [potion of mutation]
   950 | D:2      | Identified the +11 spear of the Puckish God {flame, rF++
                  | rN+}
  1483 | D:3      | Reached XP level 4. HP: 40/40 MP: 4/4
  1615 | D:3      | Became a worshipper of Beogh the Brigand
  1967 | D:3      | Found a faded altar of an unknown god.
  2008 | D:4      | Noticed a lemure
  2008 | D:4      | Noticed a lemure
  2009 | D:4      | Noticed a lemure
  2009 | D:4      | Noticed Pikel
  2046 | D:4      | Noticed an ogre
  2046 | D:4      | Noticed an ogre
  2051 | D:3      | Killed an ogre
  2052 | D:3      | Reached skill level 1 in Polearms
  2052 | D:3      | Reached skill level 1 in Stealth
  2052 | D:3      | Reached XP level 5. HP: 16/46 MP: 5/5
  2164 | D:4      | Noticed Ijyb
  2167 | D:4      | Killed an ogre
  2168 | D:4      | Reached skill level 5 in Axes
  2168 | D:4      | Reached XP level 6. HP: 42/53 MP: 6/6
  2177 | D:3      | Killed Ijyb
  2356 | D:4      | Noticed Natasha
  2364 | D:4      | Killed Natasha
  2367 | D:4      | Reached * piety under Beogh
  2498 | D:4      | Noticed Natasha
  2503 | D:4      | Killed Natasha
  2549 | D:4      | Noticed Natasha
  2557 | D:4      | Killed Natasha
  2626 | D:5      | Entered Level 5 of the Dungeon
  2672 | D:5      | Reached XP level 7. HP: 60/60 MP: 7/7
  2689 | D:5      | Reached skill level 5 in Armour
  2695 | D:4      | Noticed Duvessa
  2695 | D:4      | Noticed Dowan
  2697 | D:4      | Killed Dowan
  2705 | D:4      | Killed Duvessa
  2706 | D:4      | Reached skill level 1 in Dodging
  2986 | D:4      | Reached skill level 5 in Fighting
  2986 | D:4      | Reached skill level 5 in Polearms
  2993 | D:4      | Noticed Menkaure
  2996 | D:4      | Killed Menkaure
  2997 | D:4      | Reached XP level 8. HP: 68/68 MP: 8/8
  3138 | D:4      | Killed Pikel
  3336 | D:4      | Identified the +1 dagger of Action {flame, rElec rC+ Int+4
                  | Dex+2}
  3428 | D:5      | Noticed Grinder
  3440 | D:5      | Killed Grinder
  3441 | D:5      | Reached XP level 9. HP: 67/75 MP: 9/9
  3507 | D:5      | Found Cyth's Magic Scroll Boutique.
  3525 | D:5      | Bought a scroll of blinking for 90 gold pieces
  3525 | D:5      | Bought a scroll of brand weapon for 114 gold pieces
  3724 | D:5      | Reached ** piety under Beogh
  3859 | D:5      | Found a glowing silver altar of Zin.
  4487 | D:6      | Found a staircase to the Ecumenical Temple.
  5127 | D:7      | Reached XP level 10. HP: 69/86 MP: 10/10
  5245 | D:7      | Noticed Joseph
  5260 | D:7      | Killed Joseph
  5261 | D:7      | Reached skill level 10 in Polearms
  5547 | D:7      | Reached *** piety under Beogh
  6103 | D:8      | Noticed Psyche
  6324 | D:8      | Paralysed by Psyche for 4 turns
  6335 | D:8      | Killed Psyche
  6505 | D:8      | Found a staircase to the Lair.
  6565 | Lair:1   | Entered Level 1 of the Lair of Beasts
  6643 | Lair:1   | Reached skill level 5 in Shields
  6775 | D:8      | Noticed a red ugly thing
  6856 | D:8      | Noticed a centaur warrior
  6962 | D:8      | Killed a centaur warrior
  6963 | D:8      | Reached XP level 11. HP: 66/95 MP: 11/11
  7027 | D:8      | Killed a red ugly thing
  7028 | D:8      | Reached skill level 10 in Armour
  7504 | D:8      | Noticed Maggie
  7520 | D:8      | Killed Maggie
  8229 | D:9      | Reached **** piety under Beogh
  8555 | D:9      | Noticed Erica
  8572 | D:9      | Killed Erica
  8626 | D:9      | Gained Spirok as an ally
  8648 | D:9      | Found a basalt altar of Yredelemnul.
  8711 | D:9      | Noticed a centaur warrior
  8722 | D:9      | Killed a centaur warrior
  9110 | D:10     | Entered Level 10 of the Dungeon
  9235 | D:10     | Found a staircase to the Orcish Mines.
  9755 | D:10     | Identified the amulet "Uhiy" {Spirit Contam rCorr Str+4
                  | SInv}
  9809 | D:10     | Found Waossaux's Assorted Antiques.
  9834 | D:10     | Reached skill level 10 in Fighting
 10144 | D:12     | Noticed a deep elf pyromancer
 10158 | D:12     | Killed a deep elf pyromancer
 10507 | D:12     | Noticed a brown ugly thing
 10514 | D:12     | Killed a brown ugly thing
 10515 | D:12     | Reached XP level 12. HP: 95/106 MP: 10/12
 10795 | D:12     | Found an iron altar of Okawaru.
 11197 | D:11     | Slain by a molten gargoyle

Illustrated notes

Levels and vault maps discovered:
D:1:      mrwooster_arrival_statue_3, layout_basic, minmay_misc_feat_tower
D:2:      layout_loops_ring
D:3:      layout_loops_cross, shapermc_ecumenical_altar_acropolis, st_stairs_6,
          kennysheep_generic_room_13
D:4:      layout_cave_pools, grunt_decor_clamped, minmay_divided_ellipse,
          uniq_natasha, uniq_pikel, uniq_ijyb, uniq_menkaure, uniq_duvessa
D:5:      layout_loops_corners, zin_academy, serial_shops, shop, uniq_grinder
D:6:      kennysheep_spiral_hall, layout_basic, minmay_temple_entry_poolview,
          grunt_tough_drop
D:7:      black_bear_nest_2, layout_loops_cross, minmay_fire_ice_demons,
          uniq_joseph
D:8:      minmay_bloctagon, layout_cave_pools, lair_entry_dummy,
          lemuel_flamethrower_2, uniq_psyche, uniq_maggie
D:9:      layout_layer_cave, old_standard_altar, uniq_erica
D:10:     layout_long_grid, david_orc_1_choice, serial_shops, shop
D:11:     layout_gridville, minivault_8, uniq_maurice
D:12:     layout_stronghold, hellmonk_okawaru_the_only_friend_you_need
Lair:1:   layout_hall_layers, amcnicky_altar_lugonu_corruption,
          grunt_megastairs_3, serial_bayou_shore_b

Skill      XL: |  1  2  3  4  5  6  7  8  9 10 11 |
---------------+----------------------------------+-----
Axes           | 3 4 5 |  5.0
Fighting       | 4 5 6 7 8 10 | 10.5
Polearms       | 1 2 3 5 7 9 11 12 | 12.8
Stealth        | 1 |  1.3
Armour         | 4 6 7 8 9 12 | 12.7
Shields        | 4 5 6 |  6.4
Dodging        | 1 2 |  2.6
Unarmed Combat | |  0.5

Action                     |  1- 3 |  4- 6 |  7- 9 | 10-12 || total
---------------------------+-------+-------+-------+-------++-------
  Melee: War axe           |    57 |       |       |       ||    57
         Spear             |    14 |    86 |   167 |   429 ||   696
         Headbutt          |     1 |     8 |    19 |    84 ||   112
         Unarmed           |       |       |       |     7 ||     7
 Invoke: Convert to Beogh  |       |     1 |       |       ||     1
    Use: Potion            |     6 |       |     1 |     1 ||     8
 Armour: Scale mail        |    31 |    19 |    43 |     7 ||   100
         Plate armour      |       |       |       |   103 ||   103
  Dodge: Dodged            |    21 |    33 |    38 |    78 ||   170
  Block: Buckler           |     9 |     9 |    12 |    47 ||    77
